Gangsters vs Little Stars

Created - January 21, 2021 at 19:37

Goals
1 2 3 T
Gangsters 1 2 1 4
Little Stars 2 0 4 6
Shots
1 2 3 T
Gangsters 10 9 15 34
Little Stars 8 16 20 44

1st period

1. Little Stars , Zach Budish 8 (Jason Dickinson 9, Tyler Wotherspoon 24) at 9:25
2. Gangsters , Artem Anisimov 26 (Richard Panik 43) at 10:52
3. Little Stars , Daniel O'regan 14 (Adam Tambellini 15, Patrick Wiercioch 22) at 11:26

Penalties :
Adam Lowry (Bro) for Slashing (Minor) at 12:29

2nd period

4. Gangsters , Dave Dziurzynski 27 (Stefan Noesen 20) at 6:19 (SH)
5. Gangsters , Seth Griffith 15 (Jonas Brodin 18, Brett Ponich 29) at 17:00

Penalties :
Derrick Pouliot (Bro) for Interference (Minor) at 4:35, Richard Panik (Bro) for Holding (Minor) at 7:48, Tucker Poolman (Tex) for Roughing (Minor) at 11:54

3rd period

6. Little Stars , Roman Horak 2 (Reece Willcox 11, Eric Knodel 12) at 2:19
7. Little Stars , Scott Kosmachuck 26 (Patrick Wiercioch 23, Tyler Wotherspoon 25) at 4:57
8. Gangsters , Kevin Roy 4 (Phillip Danault 8, Steven Santini 11) at 9:20
9. Little Stars , Daniel O'regan 15 (Ilya Mikheyev 18, Adam Tambellini 16) at 13:34
10. Little Stars , Adam Tambellini 14 (Daniel O'regan 16, Ilya Mikheyev 19) at 14:11

Penalties :
Richard Panik (Bro) for Hooking (Minor) at 16:35

Goalie Stats

Jordan Binnington (Bro), 38 saves from 44 shots - (0.864), L, 7-8-1, 60:00 minutes
Connor Knapp (Tex), 30 saves from 34 shots - (0.882), W, 7-5-3, 60:00 minutes

Players Stats for Gangsters

Player Name              G  A  P  +/- PIM S  H  SB GA TA FO     MP     PP MP  PK MP  
------------------------------------------------------------------------------------
Adam Lowry               0  0  0   0  2   0  1  0  0  0  0/0     7:52   0:00   0:05 
Artem Anisimov           1  0  1  -2  0   4  0  0  1  0  16/32  21:32   1:00   4:16 
Brett Ponich             0  1  1   2  0   2  5  0  2  2  0/0    28:23   1:14   4:51 
Connor Chatam            0  0  0   0  0   0  2  0  0  0  0/1     7:47   0:08   0:00 
Dave Dziurzynski         1  0  1  -1  0   2  0  0  0  2  1/3    19:12   1:00   1:25 
David Pope               0  0  0   1  0   0  0  0  0  0  0/0    11:03   0:00   0:09 
Derrick Pouliot          0  0  0  -4  2   1  2  1  0  0  0/0    19:25   0:45   2:17 
Jonas Brodin             0  1  1   2  0   0  1  1  0  0  0/0    28:09   1:14   4:51 
Kevin Roy                1  0  1   1  0   2  0  0  0  0  4/7    13:51   0:00   2:35 
Phillip Danault          0  1  1   1  0   1  1  0  0  0  0/0    13:42   0:09   2:06 
Richard Panik            0  1  1  -2  4   8  2  1  1  1  3/5    20:10   1:00   2:13 
Ryan Culkin              0  0  0   0  0   4  3  0  0  1  0/0    11:33   0:00   0:00 
Samuel Blais             0  0  0  -2  0   0  0  0  0  0  0/3    15:03   0:50   0:00 
Sebastian Collberg       0  0  0   0  0   1  1  0  1  0  0/0     9:10   0:08   0:00 
Seth Griffith            1  0  1  -2  0   2  0  0  1  0  2/5    15:19   0:51   1:38 
Stefan Noesen            0  1  1  -1  0   3  2  1  2  0  1/1    17:10   0:51   1:25 
Steven Santini           0  1  1   0  0   2  0  0  0  0  0/0    12:21   0:00   0:48 
Vince Dunn               0  0  0  -4  0   2  1  1  1  0  0/0    20:18   0:45   3:05 

Players Stats for Little Stars

Player Name              G  A  P  +/- PIM S  H  SB GA TA FO     MP     PP MP  PK MP  
------------------------------------------------------------------------------------
Adam Tambellini          1  2  3   1  0   3  2  0  0  2  0/0    15:56   3:28   0:00 
Anton Cederholm          0  0  0   1  0   2  1  0  0  0  0/0    19:38   3:11   0:51 
Daniel O'regan           2  1  3   1  0   3  0  0  0  0  6/10   15:56   3:28   0:00 
Eric Knodel              0  1  1   1  0   2  3  2  0  1  0/0    19:44   3:11   0:51 
Evgeny Kuznetsov         0  0  0   0  0   5  0  0  1  0  19/36  22:11   4:28   0:51 
Ilya Mikheyev            0  2  2   1  0   4  1  1  0  0  0/0    16:36   3:28   0:28 
Jason Dickinson          0  1  1   0  0   1  0  0  0  0  2/2     9:40   0:00   0:00 
Jesse Joensuu            0  0  0   0  0   5  2  0  1  0  1/4    21:57   4:18   0:51 
Joakim Nygard            0  0  0   1  0   2  0  1  0  0  0/1    11:47   0:10   0:40 
Michael Mersch           0  0  0   0  0   0  0  0  2  0  0/0     9:54   0:10   0:00 
Patrick Wiercioch        0  2  2   1  0   4  2  1  1  2  0/0    25:51   4:45   1:08 
Reece Willcox            0  1  1   0  0   2  0  3  0  1  0/0    14:30   0:00   0:00 
Roman Horak              1  0  1   1  0   2  2  0  0  0  1/2    11:04   0:00   0:11 
Scott Kosmachuck         1  0  1   0  0   4  2  0  0  1  1/1    21:46   4:18   0:28 
Sebastian Wannstrom      0  0  0   1  0   1  1  0  0  1  0/1    11:22   0:00   0:29 
Tucker Poolman           0  0  0   0  2   0  2  4  0  0  0/0    14:36   0:00   0:00 
Tyler Wotherspoon        0  2  2   1  0   2  0  1  1  1  0/0    25:52   4:45   1:08 
Zach Budish              1  0  1   0  0   2  0  0  0  0  0/0     9:40   0:00   0:00 

3 Stars

1 - Daniel O'regan (Tex)
2 - Adam Tambellini (Tex)
3 - Patrick Wiercioch (Tex)

Power Play

Gangsters - 0 on 1 Attempt(s) - 0.00%
Little Stars - 0 on 4 Attempt(s) - 0.00%

Penalty Kill

Gangsters - 4 on 4 Attempt(s) - 100.00% - Score 1 goal in Penalty Kill
Little Stars - 1 on 1 Attempt(s) - 100.00% - Score 0 goal in Penalty Kill

Team Stat

Gangsters - Hits : 21 - Faceoff Wins : 27 - Blocked Shots : 5 - Penalty Minutes : 8
Little Stars - Hits : 18 - Faceoff Wins : 30 - Blocked Shots : 13 - Penalty Minutes : 2

Official

Referees : Unknown
Linesman : Unknown

Game Notes

12:30 of 3rd period - Little Stars goal is going for a video replay. After video review, No Goal. The puck has been directed, batted or thrown into the net by an attacking player other than with a stick.

Finance

Level 1 -- Attendance: 1332 (66.60%) -- Ticket Income $53,280
Level 2 -- Attendance: 737 (73.70%) -- Ticket Income $14,740
Total Attendance: 2069 (68.97%)
Total Ticket Income: $68,020
Other Income: $3,401
Total Income: $71,421

Gangsters

5 vs 5 Forward 
   Center                   Left Wing                Right Wing               Time % Phy DF OF 
 1 Artem Anisimov           Dave Dziurzynski         Richard Panik            40     1   2  2  
 2 Seth Griffith            Samuel Blais             Stefan Noesen            30     1   2  2  
 3 Kevin Roy                David Pope               Phillip Danault          20     1   2  2  
 4 Adam Lowry               Sebastian Collberg       Connor Chatam            10     1   2  2  

5 vs 5 Defense 
   Defense                  Defense                                           Time % Phy DF OF 
 1 Brett Ponich             Jonas Brodin                                      40     1   2  2  
 2 Derrick Pouliot          Vince Dunn                                        30     1   2  2  
 3 Ryan Culkin              Steven Santini                                    20     1   2  2  
 4 Brett Ponich             Jonas Brodin                                      10     1   2  2  

PowerPlay Forward 
   Center                   Left Wing                Right Wing               Time % Phy DF OF 
 1 Artem Anisimov           Dave Dziurzynski         Richard Panik            60     1   2  2  
 2 Seth Griffith            Samuel Blais             Stefan Noesen            40     1   2  2  

PowerPlay Defense
   Defense                  Defense                                           Time % Phy DF OF 
 1 Brett Ponich             Jonas Brodin                                      60     1   2  2  
 2 Derrick Pouliot          Vince Dunn                                        40     1   2  2  

Penalty Kill 4 Players Forward 
   Center                   Wing                     Time % Phy DF OF 
 1 Richard Panik            Artem Anisimov           60     1   2  2  
 2 Stefan Noesen            Dave Dziurzynski         40     1   2  2  

Penalty Kill 4 Players Defense
   Defense                  Defense                  Time % Phy DF OF 
 1 Brett Ponich             Jonas Brodin             60     1   2  2  
 2 Derrick Pouliot          Vince Dunn               40     1   2  2  

Penalty Kill - 3 Players Forward 
   Forward                                           Time % Phy DF OF 
 1 Richard Panik                                     60     1   2  2  
 2 Artem Anisimov                                    40     1   2  2  

Penalty Kill - 3 Players Defense
   Defense                  Defense                  Time % Phy DF OF 
 1 Brett Ponich             Jonas Brodin             60     1   2  2  
 2 Derrick Pouliot          Vince Dunn               40     1   2  2  

4 vs 4 Forward 
   Center                   Wing                     Time % Phy DF OF 
 1 Richard Panik            Artem Anisimov           60     1   2  2  
 2 Samuel Blais             Dave Dziurzynski         40     1   2  2  

4 vs 4 Defense
   Defense                  Defense                  Time % Phy DF OF 
 1 Brett Ponich             Jonas Brodin             60     1   2  2  
 2 Derrick Pouliot          Vince Dunn               40     1   2  2  

Last Minutes Offensive
   Center                   Left Wing                Right Wing               Defense                  Defense                  
   Artem Anisimov           Samuel Blais             Richard Panik            Brett Ponich             Jonas Brodin             

Last Minutes Defensive
   Center                   Left Wing                Right Wing               Defense                  Defense                  
   Artem Anisimov           Dave Dziurzynski         Richard Panik            Brett Ponich             Jonas Brodin             

Goaltenders
Starting : Jordan Binnington        
Backup : Samuel Montembeault      

Extra Forwards
Normal : Phillip Danault, Sebastian Collberg, Kevin Roy - PP : Phillip Danault, Sebastian Collberg - PK : Kevin Roy
Extra Defensemen
Normal : Ryan Culkin, Steven Santini, Derrick Pouliot - PP : Ryan Culkin - PK : Steven Santini, Derrick Pouliot
Penalty Shots
Richard Panik, Artem Anisimov, Stefan Noesen, Dave Dziurzynski, Seth Griffith

Scratches
Will Borgen (Healthy), Colton White (Healthy), Dryden Hunt (Healthy), Joel Kiviranta (Healthy), Mikhail Vorobyev (Healthy)
Keegan Kolesar (Healthy), Joshua Jacobs (Healthy), Jacob Middleton (Healthy), Jake Marchment (Healthy)

Little Stars

5 vs 5 Forward 
   Center                   Left Wing                Right Wing               Time % Phy DF OF 
 1 Evgeny Kuznetsov         Jesse Joensuu            Scott Kosmachuck         40     0   2  3  
 2 Daniel O'regan           Adam Tambellini          Ilya Mikheyev            30     0   2  3  
 3 Roman Horak              Joakim Nygard            Sebastian Wannstrom      20     1   2  2  
 4 Jason Dickinson          Michael Mersch           Zach Budish              10     1   2  2  

5 vs 5 Defense 
   Defense                  Defense                                           Time % Phy DF OF 
 1 Tyler Wotherspoon        Patrick Wiercioch                                 40     1   2  2  
 2 Eric Knodel              Anton Cederholm                                   30     1   2  2  
 3 Reece Willcox            Tucker Poolman                                    20     1   2  2  
 4 Tyler Wotherspoon        Patrick Wiercioch                                 10     1   2  2  

PowerPlay Forward 
   Center                   Left Wing                Right Wing               Time % Phy DF OF 
 1 Evgeny Kuznetsov         Jesse Joensuu            Scott Kosmachuck         60     0   1  4  
 2 Daniel O'regan           Adam Tambellini          Ilya Mikheyev            40     0   1  4  

PowerPlay Defense
   Defense                  Defense                                           Time % Phy DF OF 
 1 Tyler Wotherspoon        Patrick Wiercioch                                 60     1   2  2  
 2 Eric Knodel              Anton Cederholm                                   40     1   2  2  

Penalty Kill 4 Players Forward 
   Center                   Wing                     Time % Phy DF OF 
 1 Evgeny Kuznetsov         Jesse Joensuu            60     0   3  2  
 2 Scott Kosmachuck         Ilya Mikheyev            40     0   3  2  

Penalty Kill 4 Players Defense
   Defense                  Defense                  Time % Phy DF OF 
 1 Tyler Wotherspoon        Patrick Wiercioch        60     0   3  2  
 2 Eric Knodel              Anton Cederholm          40     0   3  2  

Penalty Kill - 3 Players Forward 
   Forward                                           Time % Phy DF OF 
 1 Evgeny Kuznetsov                                  60     0   3  2  
 2 Jesse Joensuu                                     40     0   3  2  

Penalty Kill - 3 Players Defense
   Defense                  Defense                  Time % Phy DF OF 
 1 Tyler Wotherspoon        Patrick Wiercioch        60     0   3  2  
 2 Eric Knodel              Anton Cederholm          40     0   3  2  

4 vs 4 Forward 
   Center                   Wing                     Time % Phy DF OF 
 1 Evgeny Kuznetsov         Jesse Joensuu            60     0   2  3  
 2 Scott Kosmachuck         Ilya Mikheyev            40     0   2  3  

4 vs 4 Defense
   Defense                  Defense                  Time % Phy DF OF 
 1 Tyler Wotherspoon        Patrick Wiercioch        60     1   2  2  
 2 Eric Knodel              Anton Cederholm          40     1   2  2  

Last Minutes Offensive
   Center                   Left Wing                Right Wing               Defense                  Defense                  
   Evgeny Kuznetsov         Jesse Joensuu            Scott Kosmachuck         Tyler Wotherspoon        Patrick Wiercioch        

Last Minutes Defensive
   Center                   Left Wing                Right Wing               Defense                  Defense                  
   Evgeny Kuznetsov         Jesse Joensuu            Scott Kosmachuck         Tyler Wotherspoon        Patrick Wiercioch        

Goaltenders
Starting : Connor Knapp             
Backup : Dustin Tokarski          

Extra Forwards
Normal : Joakim Nygard, Michael Mersch, Sebastian Wannstrom - PP : Joakim Nygard, Michael Mersch - PK : Sebastian Wannstrom
Extra Defensemen
Normal : Reece Willcox, Tucker Poolman, Eric Knodel - PP : Reece Willcox - PK : Tucker Poolman, Eric Knodel
Penalty Shots
Evgeny Kuznetsov, Jesse Joensuu, Scott Kosmachuck, Ilya Mikheyev, Adam Tambellini

Scratches
Lawrence Pilut (Healthy), Justin Auger (Healthy), Dana Tyrell (Broken Bone (Right Ankle) Injury), Rudolfs Balcers (Healthy), Yakov Trenin (Healthy)
Jean-Christophe Beaudin (Healthy), Ville Pokka (Healthy), Daniil Tarasov (Healthy), Emile Poirier (Healthy), Shane Gersich (Healthy)
Radel Fazleev (Healthy), Julien Nantel (Healthy), Peter Delmas (Healthy)

% Time on Ice - Gangsters

Lines # - Real PCT - Wanted PCT - Time Play
Normal Forward
1 - 34% - 40% - 16:49
2 - 30% - 30% - 14:54
3 - 22% - 20% - 10:54
4 - 15% - 10% - 7:28
Normal Defense
1 - 39% - 40% - 19:37
2 - 32% - 30% - 16:08
3 - 23% - 20% - 11:33
4 - 6% - 10% - 2:47
PP Forward
1 - 57% - 60% - 1:08
2 - 43% - 40% - 0:51
PP Defense
1 - 62% - 60% - 1:14
2 - 38% - 40% - 0:45
PK Forward
1 - 82% - 60% - 6:31
2 - 18% - 40% - 1:25
PK Defense
1 - 61% - 60% - 4:51
2 - 39% - 40% - 3:05
PK3 Forward
1 - 0% - 60%
2 - 0% - 40%
PK3 Defense
1 - 0% - 60%
2 - 0% - 40%
44 Forward
1 - 0% - 60%
2 - 0% - 40%
44 Defense
1 - 0% - 60%
2 - 0% - 40%
Last Minute Offensive  - 0:00
Last Minute Defensive  - 0:00
Total
Forward - 60:00
Defense - 60:00

% Time on Ice - Little Stars

Lines # - Real PCT - Wanted PCT - Time Play
Normal Forward
1 - 34% - 40% - 16:52
2 - 25% - 30% - 12:40
3 - 22% - 20% - 10:53
4 - 19% - 10% - 9:40
Normal Defense
1 - 36% - 40% - 18:05
2 - 31% - 30% - 15:36
3 - 29% - 20% - 14:25
4 - 4% - 10% - 1:59
PP Forward
1 - 56% - 60% - 4:28
2 - 44% - 40% - 3:28
PP Defense
1 - 60% - 60% - 4:45
2 - 40% - 40% - 3:11
PK Forward
1 - 76% - 60% - 1:31
2 - 24% - 40% - 0:28
PK Defense
1 - 57% - 60% - 1:08
2 - 43% - 40% - 0:51
PK3 Forward
1 - 0% - 60%
2 - 0% - 40%
PK3 Defense
1 - 0% - 60%
2 - 0% - 40%
44 Forward
1 - 0% - 60%
2 - 0% - 40%
44 Defense
1 - 0% - 60%
2 - 0% - 40%
Last Minute Offensive  - 0:00
Last Minute Defensive  - 0:00
Total
Forward - 60:00
Defense - 60:00

Play-by-Play

1st period


0:01 of 1st period - Evgeny Kuznetsov wins face-off versus Artem Anisimov in neutral zone.
0:12 of 1st period - Snap shot by Evgeny Kuznetsov.
0:12 of 1st period - Shot Hit the Post.
0:14 of 1st period - Wrist shot by Jesse Joensuu.
0:14 of 1st period - Stopped by Jordan Binnington with a rebound.
0:16 of 1st period - Slapshot by Patrick Wiercioch.
0:16 of 1st period - Shot Misses the Net.
0:26 of 1st period - Daniel O'regan is hit by Brett Ponich and loses puck.
0:53 of 1st period - Snap shot by David Pope.
0:53 of 1st period - Shot Blocked by Tyler Wotherspoon.
1:09 of 1st period - Anton Cederholm is hit by Adam Lowry.
1:13 of 1st period - Sebastian Wannstrom is hit by Connor Chatam and loses puck.
1:30 of 1st period - Brett Ponich is hit by Scott Kosmachuck and loses puck.
3:10 of 1st period - Slapshot by Vince Dunn.
3:10 of 1st period - Stopped by Connor Knapp with a rebound.
3:55 of 1st period - Snap shot by Evgeny Kuznetsov.
3:55 of 1st period - Stopped by Jordan Binnington with a rebound.
4:42 of 1st period - Tyler Wotherspoon is hit by Brett Ponich and loses puck.
4:47 of 1st period - Slapshot by David Pope.
4:47 of 1st period - Shot Misses the Net.
4:59 of 1st period - Vince Dunn is hit by Anton Cederholm and loses puck.
5:18 of 1st period - Snap shot by Artem Anisimov.
5:18 of 1st period - Shot Blocked by Reece Willcox.
5:34 of 1st period - Dave Dziurzynski is hit by Adam Tambellini.
5:49 of 1st period - Patrick Wiercioch is hit by Stefan Noesen and loses puck.
6:08 of 1st period - Zach Budish is hit by Connor Chatam and loses puck.
7:22 of 1st period - Sebastian Collberg is hit by Eric Knodel and loses puck.
7:45 of 1st period - Phillip Danault is hit by Adam Tambellini and loses puck.
7:51 of 1st period - Icing by Vince Dunn.
7:52 of 1st period - Evgeny Kuznetsov wins face-off versus Kevin Roy in Gangsters zone.
8:01 of 1st period - Scott Kosmachuck is hit by Derrick Pouliot and loses puck.
8:08 of 1st period - Slapshot by Kevin Roy.
8:08 of 1st period - Stopped by Connor Knapp without a rebound.
8:09 of 1st period - Artem Anisimov wins face-off versus Joakim Nygard in Little Stars zone.
8:10 of 1st period - Snap shot by Richard Panik.
8:10 of 1st period - Stopped by Connor Knapp without a rebound.
8:11 of 1st period - Richard Panik wins face-off versus Sebastian Wannstrom in Little Stars zone.
9:25 of 1st period - Wrist shot by Zach Budish.
9:25 of 1st period - Goal by Zach Budish - Gangsters : 0 - Little Stars : 1.
9:26 of 1st period - Artem Anisimov wins face-off versus Evgeny Kuznetsov in neutral zone.
9:51 of 1st period - Derrick Pouliot is hit by Roman Horak and loses puck.
10:44 of 1st period - Snap shot by Daniel O'regan.
10:44 of 1st period - Stopped by Jordan Binnington without a rebound.
10:45 of 1st period - Artem Anisimov wins face-off versus Daniel O'regan in Gangsters zone.
10:52 of 1st period - Slapshot by Artem Anisimov.
10:52 of 1st period - Goal by Artem Anisimov - Gangsters : 1 - Little Stars : 1.
10:53 of 1st period - Evgeny Kuznetsov wins face-off versus Dave Dziurzynski in neutral zone.
11:16 of 1st period - Icing by Tyler Wotherspoon.
11:17 of 1st period - Seth Griffith wins face-off versus Daniel O'regan in Little Stars zone.
11:18 of 1st period - Snap shot by Stefan Noesen.
11:18 of 1st period - Shot Misses the Net.
11:26 of 1st period - Snap shot by Daniel O'regan.
11:26 of 1st period - Goal by Daniel O'regan - Gangsters : 1 - Little Stars : 2.
11:27 of 1st period - Artem Anisimov wins face-off versus Jesse Joensuu in neutral zone.
11:30 of 1st period - Slapshot by Richard Panik.
11:30 of 1st period - Shot Misses the Net.
11:32 of 1st period - Wrist shot by Brett Ponich.
11:32 of 1st period - Deflect By Tyler Wotherspoon.
11:32 of 1st period - Stopped by Connor Knapp without a rebound.
11:33 of 1st period - Artem Anisimov wins face-off versus Evgeny Kuznetsov in Little Stars zone.
11:34 of 1st period - Snap shot by Dave Dziurzynski.
11:34 of 1st period - Shot Misses the Net.
11:38 of 1st period - Wrist shot by Artem Anisimov.
11:38 of 1st period - Deflect By Jesse Joensuu.
11:38 of 1st period - Shot Blocked by Patrick Wiercioch.
11:38 of 1st period - Puck is out of play.
11:39 of 1st period - Dave Dziurzynski wins face-off versus Evgeny Kuznetsov in Little Stars zone.
11:40 of 1st period - Wrist shot by Richard Panik.
11:40 of 1st period - Deflect By Jesse Joensuu.
11:40 of 1st period - Stopped by Connor Knapp without a rebound.
11:41 of 1st period - Evgeny Kuznetsov wins face-off versus Dave Dziurzynski in Little Stars zone.
12:29 of 1st period - Minor Penalty to Adam Lowry for Slashing.
12:30 of 1st period - Evgeny Kuznetsov wins face-off versus Richard Panik in Gangsters zone.
14:29 of 1st period - Penalty to Adam Lowry is over, Adam Lowry is back on ice.
15:17 of 1st period - Slapshot by Derrick Pouliot.
15:17 of 1st period - Deflect By Sebastian Collberg.
15:17 of 1st period - Stopped by Connor Knapp without a rebound.
15:18 of 1st period - Jason Dickinson wins face-off versus Connor Chatam in Little Stars zone.
15:31 of 1st period - Snap shot by Ryan Culkin.
15:31 of 1st period - Deflect By Reece Willcox.
15:31 of 1st period - Stopped by Connor Knapp with a rebound.
15:55 of 1st period - Wrist shot by Richard Panik.
15:55 of 1st period - Stopped by Connor Knapp with a rebound.
16:07 of 1st period - Wrist shot by Evgeny Kuznetsov.
16:07 of 1st period - Shot Misses the Net.
16:09 of 1st period - Slapshot by Scott Kosmachuck.
16:09 of 1st period - Shot Misses the Net.
16:11 of 1st period - Slapshot by Reece Willcox.
16:11 of 1st period - Deflect By Brett Ponich.
16:11 of 1st period - Stopped by Jordan Binnington with a rebound.
16:13 of 1st period - Snap shot by Jesse Joensuu.
16:13 of 1st period - Deflect By Scott Kosmachuck.
16:13 of 1st period - Stopped by Jordan Binnington without a rebound.
16:14 of 1st period - Artem Anisimov wins face-off versus Evgeny Kuznetsov in Gangsters zone.
16:14 of 1st period - Artem Anisimov is hit by Tucker Poolman.
17:33 of 1st period - Snap shot by Ilya Mikheyev.
17:33 of 1st period - Deflect By Adam Tambellini.
17:33 of 1st period - Stopped by Jordan Binnington with a rebound.
17:47 of 1st period - Sebastian Wannstrom is hit by Richard Panik.
18:32 of 1st period - Reece Willcox is hit by Ryan Culkin and loses puck.
18:53 of 1st period - Artem Anisimov is hit by Tucker Poolman and loses puck.
19:37 of 1st period - Eric Knodel is hit by Phillip Danault.
19:47 of 1st period - Patrick Wiercioch is hit by Ryan Culkin and loses puck.
19:56 of 1st period - Snap shot by Seth Griffith.
19:56 of 1st period - Shot Misses the Net.
19:58 of 1st period - Slapshot by Derrick Pouliot.
19:58 of 1st period - Deflect By Evgeny Kuznetsov.
19:58 of 1st period - Stopped by Connor Knapp with a rebound.
Goals for this period are 1 for Gangsters vs 2 for Little Stars.
Shots for this period are 10 for Gangsters vs 8 for Little Stars.

2nd period


0:01 of 2nd period - Evgeny Kuznetsov wins face-off versus Artem Anisimov in neutral zone.
0:08 of 2nd period - Snap shot by Jesse Joensuu.
0:08 of 2nd period - Stopped by Jordan Binnington without a rebound.
0:09 of 2nd period - Evgeny Kuznetsov wins face-off versus Artem Anisimov in Gangsters zone.
0:12 of 2nd period - Wrist shot by Jesse Joensuu.
0:12 of 2nd period - Shot Misses the Net.
0:25 of 2nd period - Wrist shot by Evgeny Kuznetsov.
0:25 of 2nd period - Shot Misses the Net.
0:37 of 2nd period - Wrist shot by Evgeny Kuznetsov.
0:37 of 2nd period - Stopped by Jordan Binnington with a rebound.
0:45 of 2nd period - Slapshot by Artem Anisimov.
0:45 of 2nd period - Stopped by Connor Knapp without a rebound.
0:46 of 2nd period - Daniel O'regan wins face-off versus Seth Griffith in Little Stars zone.
0:57 of 2nd period - Backhand shot by Adam Tambellini.
0:57 of 2nd period - Stopped by Jordan Binnington with a rebound.
2:06 of 2nd period - Slapshot by Patrick Wiercioch.
2:06 of 2nd period - Stopped by Jordan Binnington without a rebound.
2:07 of 2nd period - Artem Anisimov wins face-off versus Evgeny Kuznetsov in Gangsters zone.
3:03 of 2nd period - Slapshot by Eric Knodel.
3:03 of 2nd period - Deflect By Phillip Danault.
3:03 of 2nd period - Stopped by Jordan Binnington with a rebound.
3:34 of 2nd period - Zach Budish is hit by Richard Panik.
3:44 of 2nd period - Snap shot by Michael Mersch.
3:44 of 2nd period - Shot Misses the Net.
3:46 of 2nd period - Slapshot by Tyler Wotherspoon.
3:46 of 2nd period - Shot Misses the Net.
3:48 of 2nd period - Slapshot by Patrick Wiercioch.
3:48 of 2nd period - Stopped by Jordan Binnington with a rebound.
4:12 of 2nd period - Wrist shot by Richard Panik.
4:12 of 2nd period - Stopped by Connor Knapp without a rebound.
4:13 of 2nd period - Evgeny Kuznetsov wins face-off versus Seth Griffith in Little Stars zone.
4:13 of 2nd period - Evgeny Kuznetsov is hit by Stefan Noesen.
4:23 of 2nd period - Snap shot by Scott Kosmachuck.
4:23 of 2nd period - Shot Hit the Post.
4:25 of 2nd period - Snap shot by Evgeny Kuznetsov.
4:25 of 2nd period - Shot Misses the Net.
4:27 of 2nd period - Wrist shot by Tyler Wotherspoon.
4:27 of 2nd period - Stopped by Jordan Binnington with a rebound.
4:29 of 2nd period - Wrist shot by Evgeny Kuznetsov.
4:29 of 2nd period - Shot Misses the Net.
4:35 of 2nd period - Minor Penalty to Derrick Pouliot for Interference.
4:36 of 2nd period - Richard Panik wins face-off versus Evgeny Kuznetsov in Gangsters zone.
5:54 of 2nd period - Icing by Daniel O'regan.
5:55 of 2nd period - Daniel O'regan wins face-off versus Richard Panik in Little Stars zone.
6:11 of 2nd period - Snap shot by Dave Dziurzynski.
6:11 of 2nd period - Stopped by Connor Knapp without a rebound.
6:12 of 2nd period - Stefan Noesen wins face-off versus Evgeny Kuznetsov in Little Stars zone.
6:19 of 2nd period - Snap shot by Dave Dziurzynski.
6:19 of 2nd period - Goal by Dave Dziurzynski - Gangsters : 2 - Little Stars : 2.
6:20 of 2nd period - Richard Panik wins face-off versus Jesse Joensuu in neutral zone.
6:23 of 2nd period - Slapshot by Jonas Brodin.
6:23 of 2nd period - Shot Misses the Net.
6:29 of 2nd period - Scott Kosmachuck is hit by Jonas Brodin and loses puck.
6:35 of 2nd period - Penalty to Derrick Pouliot is over, Derrick Pouliot is back on ice.
7:37 of 2nd period - Off-side.
7:38 of 2nd period - Artem Anisimov wins face-off versus Evgeny Kuznetsov in neutral zone.
7:48 of 2nd period - Minor Penalty to Richard Panik for Holding.
7:49 of 2nd period - Evgeny Kuznetsov wins face-off versus Kevin Roy in Gangsters zone.
8:40 of 2nd period - Vince Dunn is hit by Jesse Joensuu and loses puck.
9:48 of 2nd period - Penalty to Richard Panik is over, Richard Panik is back on ice.
10:14 of 2nd period - Wrist shot by Richard Panik.
10:14 of 2nd period - Stopped by Connor Knapp with a rebound.
10:26 of 2nd period - Snap shot by Richard Panik.
10:26 of 2nd period - Stopped by Connor Knapp with a rebound.
10:28 of 2nd period - Snap shot by Dave Dziurzynski.
10:28 of 2nd period - Deflect By Joakim Nygard.
10:28 of 2nd period - Shot Misses the Net.
10:28 of 2nd period - Puck is out of play.
10:29 of 2nd period - Kevin Roy wins face-off versus Daniel O'regan in Little Stars zone.
10:30 of 2nd period - Wrist shot by David Pope.
10:30 of 2nd period - Shot Blocked by Eric Knodel.
10:40 of 2nd period - Backhand shot by Jonas Brodin.
10:40 of 2nd period - Shot Blocked by Eric Knodel.
10:42 of 2nd period - Snap shot by Phillip Danault.
10:42 of 2nd period - Shot Misses the Net.
11:19 of 2nd period - Slapshot by Scott Kosmachuck.
11:19 of 2nd period - Deflect By Jesse Joensuu.
11:19 of 2nd period - Shot Misses the Net.
11:19 of 2nd period - Puck is out of play.
11:20 of 2nd period - Kevin Roy wins face-off versus Evgeny Kuznetsov in Gangsters zone.
11:54 of 2nd period - Minor Penalty to Tucker Poolman for Roughing.
11:55 of 2nd period - Artem Anisimov wins face-off versus Evgeny Kuznetsov in Little Stars zone.
13:51 of 2nd period - Derrick Pouliot is hit by Eric Knodel and loses puck.
13:54 of 2nd period - Penalty to Tucker Poolman is over, Tucker Poolman is back on ice.
13:58 of 2nd period - Eric Knodel is hit by Derrick Pouliot and loses puck.
14:25 of 2nd period - Anton Cederholm is hit by Sebastian Collberg and loses puck.
14:41 of 2nd period - Icing by Anton Cederholm.
14:42 of 2nd period - Artem Anisimov wins face-off versus Roman Horak in Little Stars zone.
14:51 of 2nd period - Slapshot by Joakim Nygard.
14:51 of 2nd period - Stopped by Jordan Binnington with a rebound.
14:53 of 2nd period - Snap shot by Eric Knodel.
14:53 of 2nd period - Deflect By Stefan Noesen.
14:53 of 2nd period - Stopped by Jordan Binnington with a rebound.
14:55 of 2nd period - Slapshot by Anton Cederholm.
14:55 of 2nd period - Stopped by Jordan Binnington without a rebound.
14:56 of 2nd period - Artem Anisimov wins face-off versus Evgeny Kuznetsov in Gangsters zone.
15:11 of 2nd period - Snap shot by Scott Kosmachuck.
15:11 of 2nd period - Deflect By Evgeny Kuznetsov.
15:11 of 2nd period - Stopped by Jordan Binnington without a rebound.
15:12 of 2nd period - Daniel O'regan wins face-off versus Samuel Blais in Gangsters zone.
15:43 of 2nd period - Dave Dziurzynski is hit by Scott Kosmachuck and loses puck.
15:48 of 2nd period - Snap shot by Jesse Joensuu.
15:48 of 2nd period - Stopped by Jordan Binnington with a rebound.
16:50 of 2nd period - Slapshot by Zach Budish.
16:50 of 2nd period - Stopped by Jordan Binnington with a rebound.
17:00 of 2nd period - Slapshot by Seth Griffith.
17:00 of 2nd period - Goal by Seth Griffith - Gangsters : 3 - Little Stars : 2.
17:01 of 2nd period - Artem Anisimov wins face-off versus Evgeny Kuznetsov in neutral zone.
17:04 of 2nd period - Snap shot by Dave Dziurzynski.
17:04 of 2nd period - Shot Misses the Net.
17:12 of 2nd period - Slapshot by Tyler Wotherspoon.
17:12 of 2nd period - Stopped by Jordan Binnington with a rebound.
17:14 of 2nd period - Wrist shot by Patrick Wiercioch.
17:14 of 2nd period - Stopped by Jordan Binnington without a rebound.
17:15 of 2nd period - Jesse Joensuu wins face-off versus Artem Anisimov in Gangsters zone.
17:50 of 2nd period - Wrist shot by Stefan Noesen.
17:50 of 2nd period - Shot Misses the Net.
18:14 of 2nd period - Wrist shot by Joakim Nygard.
18:14 of 2nd period - Stopped by Jordan Binnington with a rebound.
19:08 of 2nd period - Snap shot by Seth Griffith.
19:08 of 2nd period - Stopped by Connor Knapp with a rebound.
19:10 of 2nd period - Slapshot by Ryan Culkin.
19:10 of 2nd period - Shot Blocked by Tucker Poolman.
19:12 of 2nd period - Slapshot by Steven Santini.
19:12 of 2nd period - Shot Hit the Post.
19:14 of 2nd period - Snap shot by Stefan Noesen.
19:14 of 2nd period - Shot Blocked by Reece Willcox.
19:16 of 2nd period - Slapshot by Ryan Culkin.
19:16 of 2nd period - Stopped by Connor Knapp with a rebound.
19:34 of 2nd period - Slapshot by Jonas Brodin.
19:34 of 2nd period - Shot Misses the Net.
19:53 of 2nd period - Brett Ponich is hit by Roman Horak and loses puck.
Goals for this period are 2 for Gangsters vs 0 for Little Stars.
Shots for this period are 9 for Gangsters vs 16 for Little Stars.

3rd period


0:01 of 3rd period - Evgeny Kuznetsov wins face-off versus Artem Anisimov in neutral zone.
0:04 of 3rd period - Slapshot by Tyler Wotherspoon.
0:04 of 3rd period - Shot Misses the Net.
0:54 of 3rd period - Slapshot by Brett Ponich.
0:54 of 3rd period - Stopped by Connor Knapp with a rebound.
1:12 of 3rd period - Jason Dickinson is hit by Brett Ponich and loses puck.
1:23 of 3rd period - Icing by Patrick Wiercioch.
1:24 of 3rd period - Jason Dickinson wins face-off versus Artem Anisimov in Little Stars zone.
2:05 of 3rd period - Backhand shot by Scott Kosmachuck.
2:05 of 3rd period - Shot Misses the Net.
2:15 of 3rd period - Snap shot by Roman Horak.
2:15 of 3rd period - Stopped by Jordan Binnington with a rebound.
2:17 of 3rd period - Slapshot by Reece Willcox.
2:17 of 3rd period - Shot Blocked by Stefan Noesen.
2:19 of 3rd period - Snap shot by Roman Horak.
2:19 of 3rd period - Goal by Roman Horak - Gangsters : 3 - Little Stars : 3.
2:20 of 3rd period - Evgeny Kuznetsov wins face-off versus Artem Anisimov in neutral zone.
2:51 of 3rd period - Jonas Brodin is hit by Ilya Mikheyev and loses puck.
3:58 of 3rd period - Backhand shot by Scott Kosmachuck.
3:58 of 3rd period - Stopped by Jordan Binnington without a rebound.
3:59 of 3rd period - Daniel O'regan wins face-off versus Seth Griffith in Gangsters zone.
4:00 of 3rd period - Wrist shot by Ilya Mikheyev.
4:00 of 3rd period - Shot Misses the Net.
4:35 of 3rd period - Wrist shot by Jesse Joensuu.
4:35 of 3rd period - Stopped by Jordan Binnington without a rebound.
4:36 of 3rd period - Evgeny Kuznetsov wins face-off versus Artem Anisimov in Gangsters zone.
4:37 of 3rd period - Wrist shot by Jesse Joensuu.
4:37 of 3rd period - Deflect By Scott Kosmachuck.
4:37 of 3rd period - Shot Misses the Net.
4:37 of 3rd period - Puck is out of play.
4:38 of 3rd period - Artem Anisimov wins face-off versus Jesse Joensuu in Gangsters zone.
4:43 of 3rd period - Slapshot by Vince Dunn.
4:43 of 3rd period - Stopped by Connor Knapp without a rebound.
4:44 of 3rd period - Artem Anisimov wins face-off versus Evgeny Kuznetsov in Little Stars zone.
4:47 of 3rd period - Wrist shot by Dave Dziurzynski.
4:47 of 3rd period - Deflect By Richard Panik.
4:47 of 3rd period - Stopped by Connor Knapp with a rebound.
4:57 of 3rd period - Wrist shot by Scott Kosmachuck.
4:57 of 3rd period - Goal by Scott Kosmachuck - Gangsters : 3 - Little Stars : 4.
4:58 of 3rd period - Evgeny Kuznetsov wins face-off versus Artem Anisimov in neutral zone.
5:08 of 3rd period - Wrist shot by Scott Kosmachuck.
5:08 of 3rd period - Shot Misses the Net.
5:10 of 3rd period - Snap shot by Evgeny Kuznetsov.
5:10 of 3rd period - Shot Misses the Net.
5:14 of 3rd period - Wrist shot by Jesse Joensuu.
5:14 of 3rd period - Shot Misses the Net.
5:24 of 3rd period - Tyler Wotherspoon is hit by Brett Ponich.
6:10 of 3rd period - Wrist shot by Artem Anisimov.
6:10 of 3rd period - Stopped by Connor Knapp with a rebound.
6:31 of 3rd period - Snap shot by Sebastian Wannstrom.
6:31 of 3rd period - Stopped by Jordan Binnington with a rebound.
6:33 of 3rd period - Slapshot by Roman Horak.
6:33 of 3rd period - Shot Blocked by Derrick Pouliot.
6:35 of 3rd period - Wrist shot by Tyler Wotherspoon.
6:35 of 3rd period - Shot Misses the Net.
6:51 of 3rd period - Derrick Pouliot is hit by Patrick Wiercioch and loses puck.
7:20 of 3rd period - Wrist shot by Seth Griffith.
7:20 of 3rd period - Shot Misses the Net.
7:34 of 3rd period - Wrist shot by Jason Dickinson.
7:34 of 3rd period - Stopped by Jordan Binnington with a rebound.
7:48 of 3rd period - Wrist shot by Richard Panik.
7:48 of 3rd period - Stopped by Connor Knapp with a rebound.
7:54 of 3rd period - Slapshot by Reece Willcox.
7:54 of 3rd period - Stopped by Jordan Binnington with a rebound.
8:25 of 3rd period - Brett Ponich is hit by Jesse Joensuu and loses puck.
9:14 of 3rd period - Wrist shot by Kevin Roy.
9:14 of 3rd period - Shot Blocked by Tucker Poolman.
9:16 of 3rd period - Slapshot by Steven Santini.
9:16 of 3rd period - Stopped by Connor Knapp with a rebound.
9:18 of 3rd period - Slapshot by Phillip Danault.
9:18 of 3rd period - Stopped by Connor Knapp with a rebound.
9:20 of 3rd period - Snap shot by Phillip Danault.
9:20 of 3rd period - Deflect By Kevin Roy.
9:20 of 3rd period - Goal by Kevin Roy - Gangsters : 4 - Little Stars : 4.
9:21 of 3rd period - Artem Anisimov wins face-off versus Evgeny Kuznetsov in neutral zone.
9:36 of 3rd period - Wrist shot by Jesse Joensuu.
9:36 of 3rd period - Stopped by Jordan Binnington without a rebound.
9:37 of 3rd period - Seth Griffith wins face-off versus Daniel O'regan in Gangsters zone.
9:53 of 3rd period - Wrist shot by Stefan Noesen.
9:53 of 3rd period - Stopped by Connor Knapp with a rebound.
10:23 of 3rd period - Ryan Culkin is hit by Eric Knodel and loses puck.
11:05 of 3rd period - Wrist shot by Evgeny Kuznetsov.
11:05 of 3rd period - Shot Blocked by Richard Panik.
11:07 of 3rd period - Snap shot by Anton Cederholm.
11:07 of 3rd period - Deflect By Richard Panik.
11:07 of 3rd period - Stopped by Jordan Binnington without a rebound.
11:08 of 3rd period - Evgeny Kuznetsov wins face-off versus Artem Anisimov in Gangsters zone.
11:14 of 3rd period - Off-side.
11:15 of 3rd period - Evgeny Kuznetsov wins face-off versus Artem Anisimov in neutral zone.
11:40 of 3rd period - Slapshot by Brett Ponich.
11:40 of 3rd period - Shot Blocked by Ilya Mikheyev.
12:03 of 3rd period - Phillip Danault is hit by Sebastian Wannstrom and loses puck.
12:24 of 3rd period - Snap shot by Jesse Joensuu.
12:24 of 3rd period - Deflect By Evgeny Kuznetsov.
12:24 of 3rd period - Stopped by Jordan Binnington with a rebound.
12:26 of 3rd period - Slapshot by Patrick Wiercioch.
12:26 of 3rd period - Shot Blocked by Vince Dunn.
12:28 of 3rd period - Slapshot by Patrick Wiercioch.
12:28 of 3rd period - Stopped by Jordan Binnington with a rebound.
12:30 of 3rd period - Snap shot by Evgeny Kuznetsov.
12:30 of 3rd period - Little Stars goal is going for a video replay.
12:30 of 3rd period - The goal is refused. The puck has been directed, batted or thrown into the net by an attacking player other than with a stick..
12:31 of 3rd period - Daniel O'regan wins face-off versus Artem Anisimov in Gangsters zone.
13:00 of 3rd period - Off-side.
13:01 of 3rd period - Evgeny Kuznetsov wins face-off versus Samuel Blais in neutral zone.
13:16 of 3rd period - Snap shot by Stefan Noesen.
13:16 of 3rd period - Stopped by Connor Knapp with a rebound.
13:23 of 3rd period - Icing by Scott Kosmachuck.
13:24 of 3rd period - Daniel O'regan wins face-off versus Artem Anisimov in Little Stars zone.
13:24 of 3rd period - Daniel O'regan is hit by Vince Dunn.
13:32 of 3rd period - Backhand shot by Ilya Mikheyev.
13:32 of 3rd period - Stopped by Jordan Binnington with a rebound.
13:34 of 3rd period - Snap shot by Daniel O'regan.
13:34 of 3rd period - Goal by Daniel O'regan - Gangsters : 4 - Little Stars : 5.
13:35 of 3rd period - Evgeny Kuznetsov wins face-off versus Artem Anisimov in neutral zone.
14:00 of 3rd period - Seth Griffith is hit by Patrick Wiercioch and loses puck.
14:11 of 3rd period - Wrist shot by Adam Tambellini.
14:11 of 3rd period - Goal by Adam Tambellini - Gangsters : 4 - Little Stars : 6.
14:12 of 3rd period - Artem Anisimov wins face-off versus Evgeny Kuznetsov in neutral zone.
14:22 of 3rd period - Wrist shot by Scott Kosmachuck.
14:22 of 3rd period - Stopped by Jordan Binnington with a rebound.
14:24 of 3rd period - Slapshot by Tyler Wotherspoon.
14:24 of 3rd period - Deflect By Jesse Joensuu.
14:24 of 3rd period - Shot Blocked by Jonas Brodin.
14:24 of 3rd period - Puck is out of play.
14:25 of 3rd period - Evgeny Kuznetsov wins face-off versus Artem Anisimov in Gangsters zone.
14:37 of 3rd period - Snap shot by Jonas Brodin.
14:37 of 3rd period - Deflect By Artem Anisimov.
14:37 of 3rd period - Shot Misses the Net.
14:37 of 3rd period - Puck is out of play.
14:38 of 3rd period - Evgeny Kuznetsov wins face-off versus Artem Anisimov in Little Stars zone.
15:08 of 3rd period - Eric Knodel is hit by Brett Ponich and loses puck.
16:35 of 3rd period - Minor Penalty to Richard Panik for Hooking.
16:36 of 3rd period - Kevin Roy wins face-off versus Evgeny Kuznetsov in Gangsters zone.
16:44 of 3rd period - Icing by Jesse Joensuu.
16:45 of 3rd period - Kevin Roy wins face-off versus Evgeny Kuznetsov in Little Stars zone.
16:46 of 3rd period - Wrist shot by Artem Anisimov.
16:46 of 3rd period - Stopped by Connor Knapp without a rebound.
16:47 of 3rd period - Scott Kosmachuck wins face-off versus Kevin Roy in Little Stars zone.
17:24 of 3rd period - Slapshot by Ilya Mikheyev.
17:24 of 3rd period - Stopped by Jordan Binnington with a rebound.
17:26 of 3rd period - Snap shot by Ilya Mikheyev.
17:26 of 3rd period - Stopped by Jordan Binnington with a rebound.
17:28 of 3rd period - Wrist shot by Daniel O'regan.
17:28 of 3rd period - Deflect By Ilya Mikheyev.
17:28 of 3rd period - Stopped by Jordan Binnington with a rebound.
18:35 of 3rd period - Penalty to Richard Panik is over, Richard Panik is back on ice.
18:39 of 3rd period - Off-side.
18:40 of 3rd period - Roman Horak wins face-off versus Samuel Blais in neutral zone.
19:07 of 3rd period - Joakim Nygard is hit by Ryan Culkin.
19:11 of 3rd period - Wrist shot by Stefan Noesen.
19:11 of 3rd period - Shot Blocked by Tucker Poolman.
19:13 of 3rd period - Wrist shot by Sebastian Collberg.
19:13 of 3rd period - Shot Blocked by Joakim Nygard.
19:19 of 3rd period - Snap shot by Stefan Noesen.
19:19 of 3rd period - Shot Misses the Net.
19:21 of 3rd period - Snap shot by Ryan Culkin.
19:21 of 3rd period - Deflect By Sebastian Wannstrom.
19:21 of 3rd period - Stopped by Connor Knapp with a rebound.
19:23 of 3rd period - Slapshot by Ryan Culkin.
19:23 of 3rd period - Shot Misses the Net.
19:31 of 3rd period - Slapshot by Stefan Noesen.
19:31 of 3rd period - Shot Hit the Post.
19:33 of 3rd period - Snap shot by Steven Santini.
19:33 of 3rd period - Stopped by Connor Knapp with a rebound.
19:35 of 3rd period - Slapshot by Stefan Noesen.
19:35 of 3rd period - Shot Misses the Net.
19:37 of 3rd period - Wrist shot by Samuel Blais.
19:37 of 3rd period - Shot Blocked by Tucker Poolman.
19:39 of 3rd period - Slapshot by Ryan Culkin.
19:39 of 3rd period - Stopped by Connor Knapp with a rebound.
19:47 of 3rd period - Slapshot by Stefan Noesen.
19:47 of 3rd period - Stopped by Connor Knapp with a rebound.
19:49 of 3rd period - Snap shot by Stefan Noesen.
19:49 of 3rd period - Shot Blocked by Reece Willcox.
Goals for this period are 1 for Gangsters vs 4 for Little Stars.
Shots for this period are 15 for Gangsters vs 20 for Little Stars.